AoeStats
← Charlesgggwp

Arabia

504472133Analyzed
3v3 RM · 28d ago on Sep 5, 2026· 47m 0s· 6 players
Game mode
Random Map
Map size
Normal (6 player)
Population
200
Speed
Normal
Resources
Standard
Victory
Conquest
Starting age
Dark Age
Ending age
Imperial Age
RankedLock teamsTeams togetherTeam positionsShared explorationLock speedFull tech treeHidden civsTurbo modeCheats
Victory
Defeat
🇨🇳 Franks · China
1024
+8
🇨🇳 Gurjaras · China
1000
+9
🇨🇳 Huns · China
1000
+9
🇿🇦 Magyars · South Africa
953
-12
🇹🇼 Japanese · Taiwan
865
-27
🇲🇽 Byzantines · Mexico
672
-4
Charlesgggwp
13:17 Feudal Age
16:31 Loom
19:21 Wheelbarrow
19:30 Double-Bit Axe
20:15 Town Watch
21:49 Man-at-Arms
26:40 Horse Collar
28:21 Gold Mining
31:03 Castle Age
31:19 Long Swordsman
31:44 Gambesons
31:56 Arson
32:42 Pikeman
33:26 Squires
34:59 Bow Saw
35:08 Hand Cart
42:18 Forging
BoarHunter05
10:45 Feudal Age
12:38 Bloodlines
18:04 Loom
19:09 Double-Bit Axe
19:10 Horse Collar
19:51 Scale Barding Armor
25:51 Castle Age
26:52 Chain Barding Armor
35:36 Man-at-Arms
35:45 Pikeman
37:57 Scale Mail Armor
38:58 Chain Mail Armor
lopez.miguel2908
10:11 Loom
14:27 Feudal Age
15:07 Horse Collar
15:17 Double-Bit Axe
23:41 Gold Mining
23:41 Stone Mining
25:57 Castle Age
27:17 Bow Saw
28:22 Pikeman
29:03 Squires
33:29 Wheelbarrow
33:04 Heavy Plow
34:12 Forging
34:03 Scale Mail Armor
36:44 Imperial Age
34:39 Hand Cart
35:03 Gold Shaft Mining
34:18 Stone Mining
38:51 Stone Shaft Mining
37:48 Halberdier
40:05 Iron Casting
39:45 Chain Mail Armor
45:34 Two-Man Saw
45:06 Crop Rotation
44:57 Fortified Wall
44:37 Guard Tower
IPAEZ
10:51 Feudal Age
19:50 Castle Age
19:54 Forging
19:27 Horse Collar
23:21 Double-Bit Axe
28:30 Heavy Plow
30:16 Bow Saw
31:43 Pikeman
33:56 Gold Mining
36:05 Gold Shaft Mining
36:12 Wheelbarrow
35:54 Scale Barding Armor
37:00 Iron Casting
36:29 Crossbowman
38:17 Thumb Ring
40:18 Hand Cart
40:06 Scale Mail Armor
45:37 Imperial Age
44:00 Squires
44:43 Stone Mining
xxy
11:12 Feudal Age
16:20 Castle Age
14:37 Double-Bit Axe
18:18 Wheelbarrow
19:54 Loom
23:28 Kshatriyas
23:41 Bow Saw
24:34 Gold Mining
24:36 Stone Mining
31:51 Imperial Age
29:40 Hand Cart
31:41 Ballistics
32:16 Husbandry
32:33 Heavy Camel Rider
36:57 Gold Shaft Mining
36:57 Stone Shaft Mining
36:04 Horse Collar
38:55 Padded Archer Armor
39:01 Scale Barding Armor
38:47 Fletching
38:22 Elite Shrivamsha Rider
42:39 Chain Barding Armor
43:32 Elite Elephant Archer
531055658123
10:33 Feudal Age
12:14 Loom
18:10 Castle Age
23:02 Double-Bit Axe
26:37 Forging
28:08 Scale Barding Armor
32:48 Iron Casting
36:11 Gold Mining
38:39 Stone Mining
39:38 Bow Saw
40:23 Fortified Wall
43:18 Imperial Age
41:20 Masonry
44:37 Wheelbarrow
43:47 Town Watch
44:17 Cavalier
44:58 Husbandry
46:12 Chivalry
48:01 Gold Shaft Mining
Connection lost

Rejoining the realm…

Still unreachable

The connection could not be restored.

Session expired

The server has moved on; the page needs a fresh start.